 Dungeon Crawl Stone Soup version 0.21-a0-153-g78480df (webtiles) character file.

9142 tsouns the Thaumaturge (level 11, -1/61 HPs)
             Began as a Deep Elf Wanderer on Aug 1, 2017.
             Was a Follower of Ashenzari.
             Slain by a death knight
             ... wielding a +0 halberd
              (21 damage)
             ... on level 11 of the Dungeon.
             The game lasted 00:51:39 (12801 turns).

tsouns the Thaumaturge (Deep Elf Wanderer)         Turns: 12801, Time: 00:51:41

Health: -1/61      AC:  9    Str:  9    XL:     11   Next: 19%
Magic:  27/29      EV: 11    Int: 22    God:    Ashenzari [*.....]
Gold:   503        SH:  5    Dex: 13    Spells: 26/35 levels left

rFire    + . .     SeeInvis .   L - +1 dagger (venom)
rCold    . . .     Gourm    .   Q - +0 buckler
rNeg     . . .     Faith    .   v - +1 leather armour {rF+}
rPois    +         Spirit   .   (no helmet)
rElec    .         Reflect  .   R - +2 cloak {rPois}
rCorr    .         Harm     .   E - +0 pair of gloves
MR       +....                  P - +0 pair of boots
Stlth    +++++.....             g - amulet of regeneration
HPRegen  0.60/turn              K - ring of stealth
MPRegen  0.21/turn              (no ring)

@: slowed, very slow
A: no striking features
a: Curse Item, Scrying, Renounce Religion


You were on level 11 of the Dungeon.
You worshipped Ashenzari.
Ashenzari was aware of your devotion.
You were not hungry.

You visited 3 branches of the dungeon, and saw 13 of its levels.

You collected 709 gold pieces.
You spent 206 gold pieces at shops.

Inventory:

Hand Weapons
 s - a +0 blowgun
 F - a +0 rapier of draining
 L - a +1 dagger of venom (weapon)
 T - a +0 short sword of electrocution
Missiles
 d - 7 tomahawks of returning
 h - 228 stones (quivered)
 t - 6 curare-tipped needles
 u - 39 poisoned needles
 w - 10 needles of confusion
 X - 6 javelins
Armour
 v - a +1 leather armour of fire resistance (worn)
 E - a +0 pair of gloves (worn)
 P - a +0 pair of boots (worn)
 Q - a +0 buckler (worn)
 R - a +2 cloak of poison resistance (worn)
Jewellery
 g - an amulet of regeneration (around neck)
 K - a ring of stealth (left hand)
 U - an uncursed ring of protection from fire
Wands
 r - a wand of lightning (8/15)
 y - a wand of acid (5/15)
 B - a wand of confusion (6/48)
 C - a wand of polymorph (3/24)
 G - a wand of polymorph (2/24)
 N - a wand of lightning (10/15)
 V - a wand of confusion (9/48)
 W - a wand of disintegration (10/24)
Scrolls
 m - 4 scrolls of magic mapping
 o - 2 scrolls of silence
 p - 2 scrolls of fog
 q - a scroll of blinking
 x - 3 scrolls of identify
 z - a scroll of amnesia
 A - a scroll of fear
 H - a scroll of teleportation
 M - a scroll of remove curse
Potions
 e - 2 potions of mutation
 i - 3 potions of haste
 j - 2 potions of curing
 k - 2 potions of brilliance
 D - a potion of cancellation
 I - a potion of lignification
 O - a potion of agility
 S - a potion of magic
Books
 b - Merishruy's Guide on Confrontation

   Spells                             Type                      Level
   a - Throw Frost                    Conjuration/Ice              2
   b - Throw Flame                    Conjuration/Fire             2
 c - the Reference Book on the Traveller

   Spells                             Type                      Level
   a - Shroud of Golubria             Charms/Translocation         2
   b - Blink                          Translocation                2
 n - a book of Misfortune

   Spells                             Type                      Level
   a - Confusing Touch                Hexes                        1
   b - Confuse                        Hexes                        3
   c - Gell's Gravitas                Translocation                3
   d - Petrify                        Transmutation/Earth          4
   e - Metabolic Englaciation         Hexes/Ice                    5
   f - Yara's Violent Unravelling     Hexes/Transmutation          5
Comestibles
 a - 28 fruits
 f - 8 bread rations
 l - 11 chunks of flesh
 J - 3 meat rations


   Skills:
 + Level 4.2 Fighting
 - Level 5.5 Short Blades
 - Level 1.2 Dodging
 - Level 8.4 Stealth
 - Level 4.9 Shields
 + Level 12.5 Spellcasting
 + Level 8.4 Conjurations
 + Level 6.2 Hexes
 - Level 1.1 Translocations
 - Level 4.1 Fire Magic
 - Level 1.0 Ice Magic


You had 26 spell levels left.
You knew the following spells:

 Your Spells              Type           Power        Failure   Level  Hunger
a - Throw Flame           Conj/Fire      #####.       1%          2    None
b - Throw Frost           Conj/Ice       ####..       1%          2    None
c - Blink                 Tloc           N/A          6%          2    None
d - Confuse               Hex            #####...     1%          3    None


Dungeon Overview and Level Annotations

Branches:
Dungeon (11/15)            Temple (1/1) D:4            Lair (1/6) D:8
    Orc: D:9-12

Altars:
Ashenzari
Cheibriados
Dithmenos
Elyvilon
Fedhas
Gozag
Hepliaklqana
Kikubaaqudgha
Makhleb
Nemelex Xobeh
Okawaru
Qazlal
Ru
Sif Muna
Trog
Uskayaw
Vehumet
Wu Jian
Xom
Yredelemnul
Zin
The Shining One

Shops:
D:4 =   D:9 [

Annotations:
D:5 Sphara's ghost, novice NaFE


Message History

The helpless freezing wraith fails to defend itself.
You perforate the freezing wraith like a sieve!!!
The freezing wraith is almost destroyed.
The freezing wraith hits you but does no damage.
The freezing wraith completely misses you.
The death knight hits you with a halberd!
The death knight barely misses you.
Casting: Throw Flame
Confirm with . or Enter, or press ? or * to list all spells.
Aiming: Throw Frost
Press: ? - help, Shift-Dir - straight line, f - death knight
Aim: a death knight, wielding a halberd and wearing a chain mail (heavily wounded)
The puff of frost misses the freezing wraith.
The puff of frost hits the death knight.
The death knight is heavily wounded.
The freezing wraith hits you! The freezing wraith freezes you!
The freezing wraith hits you! The freezing wraith drains your vigour!
You feel yourself slow down.
The death knight hits you from afar with a halberd!!
You die...

#######
#..<..#
#@###^#
#W# #.#
#p# ###
#OW.W.#
#.#####


You could see a death knight and 2 freezing wraiths.

Vanquished Creatures
  2 two-headed ogres
  Pikel (D:8)
  Maurice (D:8)
  A centaur zombie (D:9)
  Joseph (D:9)
  A komodo dragon (D:8)
  A rime drake (D:8)
  A tengu conjurer (D:10)
  A troll (D:10)
  2 polar bears (D:10)
  2 hippogriffs (D:10)
  5 yaks
  A wyvern (D:8)
  A basilisk (Lair:1)
  A hungry ghost (D:9)
  A water moccasin (Lair:1)
  3 slaves (D:8)
  3 phantoms
  3 sky beasts
  An eye of draining (D:8)
  5 ogres
  3 centaurs
  A big kobold (D:8)
  9 bullfrogs
  A wyvern skeleton (D:10)
  2 scorpions
  4 killer bees (D:9)
  4 wights (D:8)
  2 bullfrog zombies (D:8)
  2 crimson imps
  2 jellies
  3 hounds
  3 orc wizards
  6 orc priests
  A centaur skeleton (D:4)
  2 bullfrog skeletons
  An iguana (D:6)
  4 worker ants
  A hound zombie (D:7)
  A worker ant zombie (D:10)
  A howler monkey skeleton (D:7)
  14 adders
  3 gnolls
  6 shadow imps
  2 oozes
  A worm (D:4)
  2 dart slugs (D:3)
  4 leopard geckos
  29 orcs
  6 giant cockroaches
  6 hobgoblins
  8 jackals
  13 kobolds
  7 quokkas
  A ball python (D:3)
  5 bats
  11 frilled lizards
  7 goblins
  A jackal skeleton (D:4)
  A leopard gecko zombie (D:5)
  A quokka zombie (D:7)
  12 rats
231 creatures vanquished.

Vanquished Creatures (others)
  A giant cockroach (D:8)
1 creature vanquished.

Grand Total: 232 creatures vanquished

Notes
Turn   | Place    | Note
-------+----------+-------------------------------------------
     0 | D:1      | tsouns the Deep Elf Wanderer began the quest for the Orb.
     0 | D:1      | tsouns set off with: a +2 leather armour, Merishruy's Guide on Confrontation, the Reference Book on the Traveller, a +0 dagger, a bread ration
     0 | D:1      | Reached XP level 1. HP: 10/10 MP: 9/9
     0 | D:1      | Identified Merishruy's Guide on Confrontation
     0 | D:1      | Identified the Reference Book on the Traveller
   283 | D:1      | Reached skill level 6 in Spellcasting
   542 | D:1      | Reached XP level 2. HP: 4/15 MP: 11/11
   746 | D:1      | Learned a level 2 spell: Throw Flame
   749 | D:1      | Learned a level 2 spell: Throw Frost
   752 | D:1      | Learned a level 2 spell: Blink
  1121 | D:1      | Reached skill level 1 in Conjurations
  1411 | D:2      | Reached XP level 3. HP: 19/19 MP: 7/12
  2047 | D:2      | Reached skill level 1 in Ice Magic
  2362 | D:2      | Reached XP level 4. HP: 24/24 MP: 11/14
  2771 | D:3      | Reached skill level 1 in Fire Magic
  3403 | D:3      | Reached XP level 5. HP: 27/28 MP: 9/16
  3528 | D:3      | You fall through a shaft for 3 floors!
  3546 | D:5      | Entered Level 5 of the Dungeon
  3660 | D:5      | Noticed Sphara's ghost (novice NaFE)
  3851 | D:5      | Noticed a sky beast
  3862 | D:5      | Killed a sky beast
  3862 | D:5      | Reached skill level 5 in Stealth
  3937 | D:4      | Found a deep blue altar of Sif Muna.
  3976 | D:4      | Reached skill level 7 in Spellcasting
  3976 | D:4      | Reached XP level 6. HP: 32/32 MP: 5/18
  4136 | D:4      | Found Pecse's Jewellery Shoppe.
  4562 | D:4      | Found a shadowy altar of Dithmenos.
  4685 | D:4      | Reached skill level 1 in Fighting
  4896 | D:4      | Found a staircase to the Ecumenical Temple.
  4910 | Temple   | Entered the Ecumenical Temple
  5109 | Temple   | Became a worshipper of Ashenzari the Shackled
  5157 | D:4      | Reached XP level 7. HP: 38/38 MP: 20/20
  6485 | D:6      | Reached skill level 8 in Spellcasting
  6818 | D:6      | Found an opulent altar of Gozag.
  6818 | D:6      | Found a snail-covered altar of Cheibriados.
  6819 | D:6      | Found a stormy altar of Qazlal.
  6908 | D:6      | Found a sparkling altar of Nemelex Xobeh.
  7023 | D:7      | Reached XP level 8. HP: 24/43 MP: 0/22
  7640 | D:7      | Reached skill level 5 in Conjurations
  7967 | D:8      | Reached skill level 9 in Spellcasting
  8173 | D:8      | Reached * piety under Ashenzari
  8206 | D:8      | Noticed Maurice
  8245 | D:8      | Noticed a rime drake
  8269 | D:8      | Killed a rime drake
  8269 | D:8      | Reached skill level 5 in Short Blades
  8269 | D:8      | Reached XP level 9. HP: 24/47 MP: 0/24
  8600 | D:8      | Noticed Pikel
  8676 | D:9      | Found Zoluul's Antique Armour Boutique.
  8688 | D:9      | Bought a pair of boots for 103 gold pieces
  8688 | D:9      | Bought a buckler for 103 gold pieces
  8894 | D:8      | Reached skill level 1 in Shields
  9178 | D:8      | Killed Pikel
  9178 | D:8      | Reached skill level 10 in Spellcasting
  9559 | D:8      | Killed Maurice
  9726 | D:8      | Found an ornate altar of the Wu Jian Council.
  9890 | D:9      | Reached XP level 10. HP: 52/52 MP: 0/26
  9960 | D:9      | Reached skill level 11 in Spellcasting
 10207 | D:8      | Found a staircase to the Lair.
 10269 | Lair:1   | Entered Level 1 of the Lair of Beasts
 10408 | Lair:1   | Noticed a seven-headed hydra
 10577 | D:9      | Noticed Joseph
 10601 | D:8      | Learned a level 3 spell: Confuse
 10860 | D:9      | Reached skill level 1 in Hexes
 11143 | D:9      | Noticed a two-headed ogre
 11685 | D:9      | Killed a two-headed ogre
 11799 | D:9      | Killed Joseph
 11799 | D:9      | Reached skill level 12 in Spellcasting
 11823 | D:9      | Reached skill level 5 in Hexes
 11942 | D:10     | Entered Level 10 of the Dungeon
 12180 | D:10     | Noticed a two-headed ogre
 12187 | D:10     | Killed a two-headed ogre
 12187 | D:10     | Reached XP level 11. HP: 51/60 MP: 15/29
 12617 | D:10     | Found a bloodstained altar of Trog.
 12793 | D:11     | Noticed a death knight
 12796 | D:11     | Noticed a two-headed ogre
 12801 | D:11     | Slain by a death knight

Vault maps used:
D:1:      lemuel_arrival_muddy
D:2:      minmay_tall_x
D:3:      kennysheep_six_static_rooms, minmay_misc_feat_iff,
          palyth_stone_intersect
D:4:      marbit_many_paths, nicolae_dithmenos_shadow_blocks,
          minmay_temple_entry_crystal_x, serial_shops, kennysheep_mini_moat
D:5:      first_bread
D:6:      nemelex_xobeh_ov_fountains_minmay, gammafunk_temple_overflow_claw
D:8:      lemuel_crystal_altar, lair_entry_dummy, uniq_pikel, uniq_maurice
D:9:      serial_shops, shop, uniq_joseph
D:10:     grunt_tengu_nest, trog_ov_bears_minmay
D:11:     erik_orc_3, serial_park_tiny_1
Temple:   regret_index_temple_generic_petals
Lair:1:   grunt_megastairs_4

Skill      XL: |  1  2  3  4  5  6  7  8  9 10 11 |
---------------+----------------------------------+-----
Spellcasting   | 6 7 8 9 10 12 | 12.5
Stealth        | 4 5 6 8 |  8.4
Conjurations   | 1 2 3 4 5 6 8 |  8.4
Ice Magic      | 1 |  1.0
Fire Magic     | 1 2 4 |  4.1
Short Blades   | 2 3 4 5 |  5.5
Fighting       | 1 3 4 |  4.2
Shields        | 4 |  4.9
Hexes          | 5 6 |  6.2
Dodging        | |  1.2
Translocations | |  1.1

Action                   |  1- 3 |  4- 6 |  7- 9 | 10-12 || total
-------------------------+-------+-------+-------+-------++-------
Melee: Dagger            |    58 |    69 |    94 |    89 ||   310
       Short sword       |       |       |    11 |    12 ||    23
       Unarmed           |       |       |     7 |       ||     7
 Fire: Blowgun           |       |    30 |    17 |       ||    47
Throw: Stone             |    26 |       |     4 |       ||    30
 Cast: Throw Flame       |    47 |   120 |   291 |   137 ||   595
       Throw Frost       |       |       |     3 |     2 ||     5
       Blink             |       |       |     4 |     4 ||     8
       Confuse           |       |       |       |    21 ||    21
Evoke: Wand              |       |       |     4 |     5 ||     9
  Use: Scroll            |     4 |    11 |     8 |     2 ||    25
       Potion            |       |     1 |     9 |       ||    10
 Stab: Sleeping          |       |     3 |     6 |    10 ||    19
       Confused          |       |       |       |     7 ||     7
  Eat: Chunk             |     3 |     5 |    10 |     3 ||    21
       Bread ration      |       |     1 |       |     1 ||     2
       Royal jelly       |       |       |     3 |       ||     3
       Fruit             |       |       |     4 |       ||     4
Armor: Leather armour    |    23 |    34 |    51 |    27 ||   135
Dodge: Dodged            |    34 |    75 |    61 |    70 ||   240
Block: Buckler           |       |       |     4 |    22 ||    26
